 Dungeon Crawl Stone Soup version 0.31.0-11-ge490571c62 (webtiles) character file.

Game seed: 6241090125665347847

558 Arcadio the Trooper (level 7, -7/62 HPs)
             Began as a Black Draconian Delver on Jan 30, 2024.
             Was a Believer of Zin.
             Mangled by Edmund
             ... wielding a +3 flail of protection
              (11 damage)
             ... on level 4 of the Dungeon.
             The game lasted 00:07:12 (3901 turns).

Arcadio the Trooper (Black Draconian Delver)        Turns: 3901, Time: 00:07:14

Health: -7/62      AC:  6    Str: 17    XL:     7   Next: 9%
Magic:  7/7        EV: 11    Int: 10    God:    Zin [**....]
Gold:   297        SH: 12    Dex: 12    Spells: 6/6 levels left

rFire   . . .        a - +1 mace
rCold   . . .        y - +0 kite shield
rNeg    . . .        (body armour unavailable)
rPois   .            (helmet restricted)
rElec   +            (no cloak)
rCorr   +            (no gloves)
SInv    .            (no boots)
Will    .....        m - amulet of reflection
Stlth   +++          l - ring of resist corrosion
HPRegen 0.30/turn    n - +4 ring of slaying
MPRegen 0.10/turn

%: reflection
@: no status effects
A: breathe lightning, AC +6, unfitting armour, electricity resistance,
cold-blooded
a: Breathe Lightning, Renounce Religion, Recite, Vitalisation, Donate Gold


You were on level 4 of the Dungeon.
You worshipped Zin.
Zin was pleased with you.
You visited 2 branches of the dungeon, and saw 6 of its levels.

You collected 329 gold pieces.
You donated 32 gold pieces to Zin.

Inventory:

Hand Weapons
 a - a +1 mace (weapon)
Missiles
 B - a throwing net
Armour
 y - a +0 kite shield (worn)
Jewellery
 l - a ring of resist corrosion (left hand)
 m - an amulet of reflection (around neck)
 n - a +4 ring of slaying (right hand)
Talismans
 j - a beast talisman
Wands
 f - a wand of digging (3)
Scrolls
 b - 2 scrolls of fog
 c - a scroll of revelation
 d - 2 scrolls of fear
 o - 2 scrolls of poison {unknown}
 p - 2 scrolls of teleportation
 q - 2 scrolls of enchant weapon
 r - a scroll of identify {unknown}
 t - a scroll of brand weapon {unknown}
 v - a scroll of blinking {unknown}
 x - a scroll of noise {unknown}
 z - a scroll of enchant armour {unknown}
 C - a scroll of immolation {unknown}
Potions
 e - 2 potions of haste
 g - a potion of enlightenment {unknown}
 h - 2 potions of heal wounds {unknown}
 i - 3 potions of attraction {unknown}
 k - a potion of degeneration {unknown}
 s - 3 potions of mutation {unknown}
 u - a potion of brilliance {unknown}
 w - a potion of resistance {unknown}
 A - a potion of invisibility {unknown}


   Skills:
 + Level 5.8 Fighting
 + Level 4.7 Maces & Flails
 + Level 4.2 Dodging
 - Level 4.5 Stealth


You had 6 spell levels left.
You didn't know any spells.
Your spell library contained the following spells:

 Spells                   Type           Power      Damage    Failure   Level
 Call Imp                 Summ           0%         N/A       88%         2
 Sublimation of Blood     Necr           0%         N/A       88%         2
 Animate Dead             Necr           0%         N/A       100%        4
 Haunt                    Necr/Summ      0%         N/A       100%        7
 Summon Hydra             Summ           0%         N/A       100%        7
 Infestation              Necr           0%         N/A       100%        8


Dungeon Overview and Level Annotations

Branches:
Dungeon (5/15)             Temple (1/1) D:4

Altars:
Cheibriados
Dithmenos
Elyvilon
Fedhas
Gozag
Kikubaaqudgha
Makhleb
Nemelex Xobeh
Okawaru
Ru
Sif Muna
Trog
Vehumet
Wu Jian
Xom
Yredelemnul
Zin
The Shining One

Annotations:
D:4 Edmund


Innate Abilities, Weirdness & Mutations

You can breathe wild blasts of lightning.
Your glossy black scales are hard. (AC +6)
You cannot fit into any form of body armour.
You are resistant to electric shocks. (rElec)
You are cold-blooded and may be slowed by cold attacks.


Message History

Edmund hits you with a +3 flail of protection!
You hit Edmund but do no damage.
Edmund is lightly wounded.
You have got your breath back.
Edmund hits you with a +3 flail of protection.
You hit Edmund.
Edmund is lightly wounded.
You block Edmund's attack.
Edmund hits you with a +3 flail of protection!
You hit Edmund but do no damage.
Edmund is lightly wounded.
Edmund barely misses you.
You hit Edmund. You tail-slap Edmund, but do no damage.
Edmund is moderately wounded.
Edmund completely misses you.
You hit Edmund.
Edmund is moderately wounded.
Edmund closely misses you.
Edmund hits you with a +3 flail of protection.
You hit Edmund.
Edmund is moderately wounded.
Edmund hits you with a +3 flail of protection!
You hit Edmund. You tail-slap Edmund!
Edmund is severely wounded.
You block Edmund's attack.
You hit Edmund.
Edmund is severely wounded.
Edmund hits you with a +3 flail of protection.
Edmund hits you with a +3 flail of protection!
You thump Edmund! You tail-slap Edmund.
Edmund is almost dead.
You block Edmund's attack.
You barely miss Edmund.
Your tail-slap misses Edmund.
Edmund is almost dead.
Edmund hits you with a +3 flail of protection!
* * * LOW HITPOINT WARNING * * *
Edmund says, "Everyone always remembers my brother. 'Who's Edmund?' they ask!"
Edmund hits you with a +3 flail of protection!
You die...
Edmund says, "I'd like to see a scythe do that!"

..# ##......## #......##...## ..#
#.......## ##.......##...# ..#
##...##..#####....#....#.... ..#
#..# ##..##......###....... ..#
##..# #.........## ##....#.
..###..# #.........# ##...##
...#..# ##..>......## ##..##
......## #.%....###..### #...#
.##....## ##....@..###...#####...
####....###.....@..#####..##.....
# ##...............## #.........
# ##...............###..##..... #
##......####.....#..####....
#######......# ###......# ##...
)).......##### ########.# ##>.
###.....###..####≈≈#####.# #...
###..#.#.##.##.~~.#8...## ##...


You could see Edmund.

Vanquished Creatures
  An ogre (D:4)
  A black bear (D:4)
  A scorpion (D:4)
  A jelly (D:4)
  An orc priest (D:3)
  A hound (D:4)
  A sleepcap (D:4)
  2 orc wizards
  4 gnolls (D:4)
  5 adders
  3 dart slugs
  2 ribbon worms
  4 orcs
  5 endoplasms
  3 giant cockroaches
  10 goblins
  4 hobgoblins
  6 jackals
  3 quokkas
  8 ball pythons
  3 bats
  4 frilled lizards
  4 kobolds
  8 rats
85 creatures vanquished.

Notes
Turn   | Place    | Note
-------+----------+-------------------------------------------
     0 | D:5      | Arcadio the Draconian Delver began the quest for the Orb.
     0 | D:5      | Reached XP level 1. HP: 19/19 MP: 1/1
    32 | D:5      | Noticed a hound
    56 | D:4      | Killed a hound
    57 | D:4      | Reached XP level 2. HP: 11/27 MP: 2/2
    98 | D:3      | Reached XP level 3. HP: 25/33 MP: 3/3
   512 | D:1      | Found a faded altar of an unknown god.
   672 | D:1      | Reached skill level 4 in Fighting
  1137 | D:2      | Reached XP level 4. HP: 40/40 MP: 4/4
  1751 | D:3      | Reached XP level 5. HP: 17/47 MP: 5/5
  2242 | D:3      | Found a radiant altar of Vehumet.
  2251 | D:3      | Found a basalt altar of Yredelemnul.
  2552 | D:4      | Noticed a black bear
  2699 | D:4      | Found a staircase to the Ecumenical Temple.
  2705 | Temple   | Entered the Ecumenical Temple
  2732 | Temple   | Became a worshipper of Zin the Law-Giver
  2732 | Temple   | Reached * piety under Zin
  2937 | D:4      | Reached ** piety under Zin
  2970 | D:4      | Reached skill level 5 in Fighting
  2977 | D:4      | Reached XP level 6. HP: 53/56 MP: 6/6
  3437 | D:4      | Noticed Edmund
  3785 | D:4      | Your scales start taking on a glossy black colour.
  3785 | D:4      | Reached XP level 7. HP: 62/62 MP: 7/7
  3785 | D:4      | Gained mutation: You are resistant to electric shocks.
                  | (rElec) [Black Draconian growth]
  3901 | D:4      | Mangled by Edmund

Illustrated notes

Levels and vault maps discovered:
D:1:      dpeg_arrival_rooms_with_view, layout_rooms,
          hellmonk_ecumenical_altar_arch_garden, dreamdust_wishing_well
D:2:      layout_basic
D:3:      layout_loops_ring, mainiacjoe_overflow_swirl, grunt_decor_junction
D:4:      wad_river_or_something, layout_layer_cave, minmay_temple_entry_hall,
          portal_sewer_entry_a, uniq_edmund
D:5:      layout_rooms, cheibrodos_ashenzari_chains
Temple:   kb_temple_of_zot

Skill      XL: |  1  2  3  4  5  6 |
---------------+-------------------+-----
Dodging        | 2 3 4 |  4.2
Fighting       | 4 5 |  5.8
Maces & Flails | 3 4 |  4.7
Stealth        | |  4.5

Action                     |  1- 3 |  4- 6 |  7- 9 || total
---------------------------+-------+-------+-------++-------
  Melee: Mace              |    89 |   134 |    12 ||   235
         Tailslap          |     8 |    13 |     4 ||    25
         Punch             |       |     2 |       ||     2
 Invoke: Recite            |       |     1 |       ||     1
Ability: Begin Untransform |       |     1 |       ||     1
         Breathe Lightning |       |       |     1 ||     1
    Use: Scroll            |       |     2 |       ||     2
   Stab: Sleeping          |     6 |     4 |       ||    10
 Armour: Skin              |    48 |    55 |    11 ||   114
  Dodge: Dodged            |    69 |    73 |     3 ||   145
  Block: Other             |     3 |    21 |       ||    24
         Kite shield       |       |    13 |     4 ||    17
         Reflection        |       |     1 |       ||     1
   Form: Beast             |     1 |       |       ||     1
